AoeStats
← GORGORY

Arena

507821193Analyzed
1v1 RM · 13d ago on Sep 19, 2026· 47m 57s· 2 players
Game mode
Random Map
Map size
Tiny (2 player)
Population
200
Speed
Normal
Resources
Standard
Victory
Conquest
Starting age
Dark Age
Ending age
Imperial Age
RankedLock teamsTeams togetherTeam positionsShared explorationLock speedFull tech treeHidden civsTurbo modeCheats
Victory
Defeat
🇦🇷 Ethiopians · Argentina
1043
+16
🇩🇪 Portuguese · Germany
1036
-16
war of attrition
7:27 Loom
10:36 Feudal Age
11:33 Town Watch
16:10 Castle Age
14:59 Double-Bit Axe
21:32 Horse Collar
29:40 Heavy Plow
33:52 Imperial Age
33:33 Bow Saw
33:55 Fortified Wall
35:40 Chemistry
34:54 Town Patrol
36:45 Two-Man Saw
37:20 Fletching
38:41 Wheelbarrow
38:12 Guard Tower
40:22 Hand Cart
40:54 Keep
42:50 Siege Engineers
42:56 Masonry
42:41 Murder Holes
42:59 Bodkin Arrow
43:20 Cavalier
44:00 Husbandry
44:10 Bloodlines
43:21 Light Cavalry
45:48 Architecture
44:59 Treadmill Crane
45:24 Bracer
45:35 Forging
45:25 Scale Mail Armor
45:30 Scale Barding Armor
GORGORY
5:47 Loom
8:46 Feudal Age
9:15 Double-Bit Axe
9:11 Horse Collar
12:56 Wheelbarrow
17:15 Castle Age
16:06 Scale Mail Armor
16:15 Stone Mining
16:18 Gold Mining
19:12 Fervor
21:49 Squires
21:49 Town Watch
25:20 Scale Barding Armor
25:28 Forging
26:02 Heavy Plow
28:02 Scale Mail Armor
29:28 Hand Cart
31:20 Gold Shaft Mining
31:23 Stone Shaft Mining
31:08 Bow Saw
31:49 Chain Mail Armor
32:09 Iron Casting
34:32 Imperial Age
32:22 Arson
33:14 Chain Mail Armor
33:36 Iron Casting
33:48 Royal Heirs
34:37 Ballistics
34:13 Murder Holes
35:42 Conscription
35:07 Elite Shotel Warrior
36:10 Town Patrol
37:42 Two-Man Saw
37:15 Capped Ram
38:11 Siege Ram
40:34 Plate Mail Armor
41:05 Blast Furnace
41:01 Thumb Ring
40:17 Crossbowman
41:56 Arbalester
45:11 Halberdier
47:06 Chemistry
47:21 Siege Engineers
Connection lost

Rejoining the realm…

Still unreachable

The connection could not be restored.

Session expired

The server has moved on; the page needs a fresh start.